 Dungeon Crawl Stone Soup version 0.18-a0-1789-gbeff17f (webtiles) character file.

1982 nubinia the Geomancer (level 9, -4/48 HPs)
             Began as a Gargoyle Earth Elementalist on Apr 21, 2016.
             Was a Believer of Sif Muna.
             Killed from afar by a lindwurm (30 damage)
             ... with a blast of flame
             ... on level 8 of the Dungeon.
             The game lasted 00:28:01 (8115 turns).

nubinia the Geomancer (Gargoyle Earth Elementalist) Turns: 8115, Time: 00:28:02

Health: -4/48      AC: 11    Str: 12    XL:     9   Next: 20%
Magic:  16/18      EV: 13    Int: 19    God:    Sif Muna [**....]
Gold:   417        SH:  0    Dex: 10    Spells: 5 memorised, 8 levels left

rFire  . . .     SeeInvis .     b - 172 stones
rCold  . . .     Gourm    .     e - +0 robe
rNeg   + . .     Faith    .     (no shield)
rPois  ∞         Spirit   .     (no helmet)
rElec  +         Dismiss  .     A - +0 cloak (curse)
rCorr  .         Reflect  .     g - +0 pair of gloves
SustAt .         Harm     .     F - +0 pair of boots (curse)
MR     .....                    (no amulet)
Stlth  ++........               s - ring of wizardry
                                f - +1 ring of protection

@: very slightly contaminated, not resistant to hostile enchantments, unstealthy
A: negative energy resistance 1, electricity resistance, unbreathing,
petrification resistance, rot immunity, AC +5
a: Channel Energy, Renounce Religion


You were on level 8 of the Dungeon.
You worshipped Sif Muna.
Sif Muna was pleased with you.
You were not hungry.

You visited 2 branches of the dungeon, and saw 9 of its levels.

You collected 417 gold pieces.

Inventory:

Hand Weapons
 a - a +6 club
 n - a +0 club
Missiles
 b - 172 stones (in hand)
Armour
 e - a +0 robe (worn)
 g - a +0 pair of gloves (worn)
 x - a +0 buckler
 A - a cursed +0 cloak (worn)
 F - a cursed +0 pair of boots (worn)
Jewellery
 f - a +1 ring of protection (left hand)
 s - a ring of wizardry (right hand)
Wands
 z - a wand of digging (7/24)
 G - a wand of polymorph (12/24)
Scrolls
 l - a scroll of noise
 m - 2 scrolls of remove curse
 r - a scroll of teleportation {unknown}
 w - a scroll of acquirement {unknown}
 y - a scroll of enchant armour {unknown}
 B - a scroll of recharging
 D - a scroll of enchant weapon {unknown}
Potions
 h - 2 potions of mutation {unknown}
 j - 2 potions of heal wounds
 k - 2 potions of curing
 p - a potion of might
 t - 2 potions of resistance
 v - a potion of brilliance
Books
 c - a book of Geomancy

   Spells                             Type                      Level
   a - Sandblast                      Earth                        1
   b - Passwall                       Transmutation/Earth          2
   c - Stone Arrow                    Conjuration/Earth            3
   d - Petrify                        Transmutation/Earth          4
   e - Lee's Rapid Deconstruction     Earth                        5
 o - a book of Beasts

   Spells                             Type                      Level
   a - Summon Butterflies             Summoning                    1
   b - Call Canine Familiar           Summoning                    3
   c - Summon Ice Beast               Ice/Summoning                4
   d - Summon Mana Viper              Hexes/Summoning              5
   e - Summon Hydra                   Summoning                    7
 u - a book of Frost

   Spells                             Type                      Level
   a - Freeze                         Ice                          1
   b - Throw Frost                    Conjuration/Ice              2
   c - Ozocubu's Armour               Charms/Ice                   3
   d - Throw Icicle                   Conjuration/Ice              4
   e - Summon Ice Beast               Ice/Summoning                4
Comestibles
 d - 2 bread rations
 i - 12 fruits
 C - 2 meat rations
 H - a beef jerky


   Skills:
 + Level 2.1 Fighting
 + Level 1.3 Maces & Flails
 + Level 3.6 Dodging
 + Level 4.0 Stealth
 * Level 6.1 Spellcasting
 * Level 4.8 Conjurations
 + Level 0.7 Transmutations
 * Level 8.1 Earth Magic
 + Level 2.4 Invocations


You had 8 spell levels left.
You knew the following spells:

 Your Spells              Type           Power        Failure   Level  Hunger
a - Sandblast             Erth           #####.       1%          1    None
b - Stone Arrow           Conj/Erth      ####..       1%          3    ##.....
c - Passwall              Trmt/Erth      ###.......   1%          2    None
d - Freeze                Ice            #...         4%          1    None
l - Lee's Rapid Deconstr  Erth           #####.....   4%          5    #####..


Dungeon Overview and Level Annotations

Branches:
Dungeon (8/15)             Temple (1/1) D:5
   Lair: D:8-11

Altars:
Ashenzari
Elyvilon
Fedhas
Gozag
Kikubaaqudgha
Nemelex Xobeh
Okawaru
Qazlal
Sif Muna
Trog
Vehumet
Xom
Zin
The Shining One

Annotations:
D:2 Sigmund


Innate Abilities, Weirdness & Mutations

You are resistant to torment.
Your stone body is resilient (AC +5).
You are immune to poison.
You resist negative energy.
You are resistant to electric shocks.
You can survive without breathing.
You are immune to petrification.
You are immune to rotting.


Message History

The rocky blast hits the lindwurm.
The lindwurm is moderately wounded.
A lindwurm comes into view.
Unknown command.
Unknown command.
Unknown command.
Casting: Sandblast
Confirm with . or Enter, or press ? or * to list all spells.
Aiming: Sandblast
Press: ? - help, Shift-Dir - straight line, f/p - lindwurm
Aim: a lindwurm (lightly wounded)
The rocky blast hits the lindwurm.
The lindwurm is lightly wounded.
The lindwurm breathes flames at you. The blast of flame hits you!
A lindwurm comes into view.
The lindwurm breathes flames at you. The blast of flame hits you!
Ouch! That really hurt!
You die...

≈≈≈≈.. .... ≈≈≈≈≈.
.... ≈ §§§≈. ....
§§ §§≈≈≈≈ .... §§.
#.§≈§ ≈§.. #§.§§§
≈§≈.k #k.≈≈§§
≈≈≈...##...≈§§§
§§≈≈≈..@k≈≈≈≈≈≈§§..
§§≈≈≈≈§§≈≈≈≈≈§≈≈§..
≈§≈≈≈≈≈≈§§≈≈≈§≈§§..
§≈≈≈≈≈≈≈≈§§≈≈§.....
.≈≈≈§≈≈§§§§.≈......
...$..≈§≈§§........
+.....≈.§..........
#..........§.......
...###+########


You could see 3 lindwurms.

Vanquished Creatures
  Grinder (D:4)
  2 ice beasts (D:5)
  2 necrophages
  An ogre (D:5)
  A phantom (D:5)
  2 centaurs
  2 giant frogs (D:7)
  A wyvern zombie (D:7)
  A scorpion (D:6)
  4 crimson imps
  A giant frog zombie (D:7)
  A jelly (D:6)
  2 orc priests (D:4)
  2 giant frog skeletons (D:7)
  4 hounds
  An orc wizard (D:6)
  Jessica (D:3)
  3 iguanas
  3 worker ants
  A hound skeleton (D:4)
  3 gnolls (D:6)
  8 adders
  2 shadow imps
  An ooze (D:1)
  An adder skeleton (D:3)
  3 worms
  4 dart slugs
  7 giant geckos
  8 orcs
  A ball python (D:6)
  5 giant cockroaches
  6 goblins
  3 hobgoblins (D:1)
  6 jackals
  4 quokkas
  A ball python skeleton (D:5)
  9 bats
  3 giant newts
  A jackal skeleton (D:5)
  8 kobolds
  6 rats
126 creatures vanquished.

Notes
Turn   | Place    | Note
--------------------------------------------------------------
     0 | D:1      | nubinia the Gargoyle Earth Elementalist began the quest for the Orb.
     0 | D:1      | Reached XP level 1. HP: 10/10 MP: 3/3
   273 | D:1      | Reached XP level 2. HP: 15/15 MP: 3/5
   291 | D:1      | Learned a level 2 spell: Passwall
   383 | D:1      | Reached skill level 4 in Earth Magic
   699 | D:1      | Reached XP level 3. HP: 18/19 MP: 2/6
   741 | D:1      | Learned a level 3 spell: Stone Arrow
  1006 | D:2      | Noticed Sigmund
  2278 | D:3      | Reached XP level 4. HP: 18/24 MP: 5/7
  2465 | D:3      | Reached skill level 1 in Conjurations
  2801 | D:3      | Noticed Jessica
  2805 | D:3      | Killed Jessica
  3164 | D:2      | Found a blossoming altar of Fedhas.
  3335 | D:3      | Reached XP level 5. HP: 27/28 MP: 9/9
  3749 | D:4      | Reached skill level 5 in Earth Magic
  4156 | D:4      | Reached skill level 1 in Fighting
  4156 | D:4      | Reached XP level 6. HP: 18/34 MP: 3/11
  4869 | D:4      | Noticed Grinder
  4872 | D:4      | Paralysed by Grinder for 3 turns
  4887 | D:4      | Killed Grinder
  4887 | D:4      | Reached XP level 7. HP: 25/38 MP: 2/13
  5046 | D:4      | Reached skill level 6 in Earth Magic
  5153 | D:4      | Found a shattered altar of Ashenzari.
  5197 | D:4      | Found a bloodstained altar of Trog.
  5643 | D:5      | Entered Level 5 of the Dungeon
  5784 | D:5      | Found a staircase to the Ecumenical Temple.
  5814 | Temple   | Entered the Ecumenical Temple
  6000 | Temple   | Became a worshipper of Sif Muna the Loreminder
  6229 | D:5      | Reached XP level 8. HP: 44/44 MP: 6/15
  6298 | D:5      | Learned a level 5 spell: Lee's Rapid Deconstruction
  6421 | D:5      | Learned a level 1 spell: Freeze
  6608 | D:5      | Reached skill level 5 in Spellcasting
  6775 | D:6      | Found a shimmering altar of Xom.
  6776 | D:6      | Found a shimmering altar of Xom.
  6776 | D:6      | Found a shimmering altar of Xom.
  6779 | D:6      | Found a shimmering altar of Xom.
  6808 | D:6      | Reached * piety under Sif Muna
  6808 | D:6      | Reached skill level 7 in Earth Magic
  6985 | D:6      | Found an ancient bone altar of Kikubaaqudgha.
  7104 | D:6      | Reached skill level 1 in Invocations
  7446 | D:7      | Reached skill level 1 in Maces & Flails
  7573 | D:7      | Reached skill level 8 in Earth Magic
  7573 | D:7      | Reached XP level 9. HP: 48/48 MP: 11/17
  8054 | D:7      | Reached ** piety under Sif Muna
  8113 | D:8      | Noticed a lindwurm
  8115 | D:8      | Noticed a lindwurm
  8115 | D:8      | Killed from afar by a lindwurm

Vault maps used:
D:1:      dpeg_arrival_refuge
D:2:      first_bread, hex_tiny, fedhas_altar_1, uniq_sigmund
D:3:      uniq_jessica
D:4:      kennysheep_mini_moat, lemuel_doored_altar, uniq_grinder
D:5:      minmay_temple_entry_large_hall
D:6:      overflow_temple_1_default, xom_redecorated
D:8:      grunt_temple_overflow_open, enter_bailey_2, hangedman_pestilent_swarm,
          hangedman_decor_slide_cut, minmay_lindwurm_lava
Temple:   minmay_temple_curvy_14

Skill      XL: |  1  2  3  4  5  6  7  8  9 |
---------------+----------------------------+-----
Earth Magic    | 4 5 6 8 |  8.1
Conjurations   | 1 2 3 4 |  4.8
Dodging        | 2 3 |  3.6
Spellcasting   | 3 4 5 6 |  6.1
Stealth        | 3 4 |  4.0
Fighting       | 1 2 |  2.1
Invocations    | 2 |  2.4
Maces & Flails | 1 |  1.3
Transmutations | |  0.7

Action                   |  1- 3 |  4- 6 |  7- 9 || total
-------------------------+-------+-------+-------++-------
Melee: Unarmed           |    14 |       |       ||    14
       Club              |    84 |    67 |   164 ||   315
Throw: Stone             |       |       |     1 ||     1
 Cast: Sandblast         |    50 |    46 |    35 ||   131
       Stone Arrow       |       |     4 |    31 ||    35
Invok: Channel Energy    |       |       |    27 ||    27
  Use: Scroll            |     3 |     2 |     4 ||     9
       Potion            |     2 |       |       ||     2
 Stab: Sleeping          |     8 |     4 |     7 ||    19
  Eat: Chunk             |     5 |     6 |    12 ||    23
       Beef jerky        |       |     1 |       ||     1
       Meat ration       |       |       |     1 ||     1
Armor: Robe              |    35 |    37 |    79 ||   151
Dodge: Dodged            |    84 |    51 |   114 ||   249
